 Dungeon Crawl Stone Soup version 0.31-a0-810-ga77100ea1a (webtiles) character file.

Game seed: 12664952451519417744

33 lunkers the Shooter (level 3, -5/29 HPs)
             Began as a Meteoran Wanderer on Sept 21, 2023.
             Slain by an orc
             ... wielding a +0 flail
              (8 damage)
             ... on level 2 of the Dungeon.
             The game lasted 00:02:08 (825 turns).

lunkers the Shooter (Meteoran Wanderer)              Turns: 825, Time: 00:02:09

Health: -5/29      AC:  3    Str: 17    XL:     3   Next: 70%
Magic:  4/4        EV: 11    Int: 13    God:
Gold:   112        SH:  0    Dex: 12    Spells: 2/2 levels left

rFire   . . .        a - +2 sling
rCold   . . .        (no shield)
rNeg    . . .        e - +0 leather armour
rPois   +            (no helmet)
rElec   .            (no cloak)
rCorr   .            (no gloves)
SInv    .            (no boots)
Will    .....        (no amulet)
Stlth   +            n - ring of poison resistance
HPRegen 0.24/turn    (no ring)
MPRegen 0.09/turn

%: no passive effects
@: glowing
A: sense surroundings 1, otherworldly, glowing, explore regen
a: no special abilities


You were on level 2 of the Dungeon.
You visited 1 branch of the dungeon, and saw 2 of its levels.

You collected 112 gold pieces.

Inventory:

Hand Weapons
 a - a +2 sling (weapon)
 b - a +0 hand axe
Armour
 e - a +0 leather armour (worn)
Jewellery
 n - a ring of poison resistance (left hand)
Wands
 c - a wand of polymorph (4)
Scrolls
 d - a scroll of summoning
 g - a scroll of fear {unknown}
 i - a scroll of torment {unknown}
 j - 2 scrolls of identify {unknown}
 l - a scroll of teleportation {unknown}
 m - a scroll of enchant weapon {unknown}
 o - a scroll of brand weapon {unknown}
Potions
 f - 2 potions of curing {unknown}
 h - 2 potions of might {unknown}
 k - a potion of lignification {unknown}
 p - a potion of heal wounds {unknown}


   Skills:
 + Level 2.1 Fighting
 - Level 1.2 Axes
 - Level 6.0 Ranged Weapons
 - Level 1.1 Dodging
 - Level 1.0 Stealth
 - Level 2.4 Evocations


You had 2 spell levels left.
You didn't know any spells.
Your spell library contained the following spells:

 Spells                   Type           Power      Damage    Failure   Level
 Poisonous Vapours        Pois/Air       0%         N/A       50%         2
 Mephitic Cloud           Conj/Pois/Air  0%         N/A       75%         3
 Freezing Cloud           Conj/Ice/Air   0%         6-21      100%        5


Dungeon Overview and Level Annotations

Branches:
Dungeon (2/15) Zot: 365

Altars:


Innate Abilities, Weirdness & Mutations

You passively map a small area around you.
You are easily found by Zot.
You glow in the dark.
You regain HP and MP as you explore.


Message History

The sling bullet hits the orc!
You kill the orc!
The orc hits you with a +0 dagger.
* * * LOW HITPOINT WARNING * * *
The orc misses you.
Fire: a) +2 sling
Press: ? - help, Q - select action, (/) - cycle Shift-Dir - straight line, f/p - orc
Aim: an orc, wielding a +0 dagger (62% to hit)
You shoot a sling bullet. The sling bullet hits the orc!
You kill the orc!
Unknown command.
Fire: a) +2 sling
Press: ? - help, Q - select action, (/) - cycle Shift-Dir - straight line, f - orc
Aim: an orc, wielding a +0 flail and wearing a +0 scale mail (65% to hit)
You shoot a sling bullet. The sling bullet hits the orc.
The orc is heavily wounded.
The orc hits you with a +0 flail.
* * * LOW HITPOINT WARNING * * *
Unknown command.
Fire: a) +2 sling
Press: ? - help, Q - select action, (/) - cycle Shift-Dir - straight line, f/p - orc
Aim: an orc, wielding a +0 flail and wearing a +0 scale mail (heavily wounded, 65% to hit)
You shoot a sling bullet.
The sling bullet hits the orc but does no damage.
The orc is heavily wounded.
The orc hits you with a +0 flail.
* * * LOW HITPOINT WARNING * * *
Fire: a) +2 sling
Press: ? - help, Q - select action, (/) - cycle Shift-Dir - straight line, f/p - orc
Aim: an orc, wielding a +0 flail and wearing a +0 scale mail (heavily wounded, 65% to hit)
You shoot a sling bullet. The sling bullet hits the orc.
The orc is almost dead.
The orc closely misses you.
Unknown command.
Fire: a) +2 sling
Press: ? - help, Q - select action, (/) - cycle Shift-Dir - straight line, f/p - orc
Aim: an orc, wielding a +0 flail and wearing a +0 scale mail (almost dead, 65% to hit)
You shoot a sling bullet. The sling bullet barely misses the orc.
The orc hits you with a +0 flail!
You die...

, , , ##.#.# , ,, * * #.#.#
* * * #.#.# # *, #####
#.#.##### *, #...# ###
##.#.##.##
#.#####.#######.##.........
, *
#........#)..o.o##.......##
** #.#####.##o# *,
#.......## #.# #.##@#
*#.......## #.# #....#
#.......## * ** #.# ######
##.#.##.##
....###.##########
#####.#..)...
.>................
.)...........
....##..#.########
#####.#.....# ....###.#.#
#.#.###.# ....# #.#.###
#.#.....# ....# #.....#
#.#.##..#


You could see an orc.

Vanquished Creatures
  A dart slug (D:1)
  3 orcs (D:2)
  3 ball pythons
  A bat (D:1)
  2 giant cockroaches
  4 goblins
  A hobgoblin (D:1)
  3 quokkas
  A frilled lizard (D:1)
  3 kobolds
  4 rats
26 creatures vanquished.

Notes
Turn   | Place    | Note
-------+----------+-------------------------------------------
     0 | D:1      | lunkers the Meteoran Wanderer began the quest for the Orb.
     0 | D:1      | lunkers set off with the following items: a +2 sling, a +0
                  | hand axe, a wand of polymorph (4), a scroll of summoning, a
                  | +0 leather armour.
     0 | D:1      | Reached XP level 1. HP: 14/14 MP: 2/2
   190 | D:1      | Reached XP level 2. HP: 20/20 MP: 3/3
   288 | D:1      | Reached skill level 6 in Ranged Weapons
   475 | D:2      | Reached skill level 1 in Fighting
   476 | D:2      | Reached XP level 3. HP: 28/28 MP: 4/4
   825 | D:2      | Slain by an orc

Illustrated notes

Levels and vault maps discovered:
D:1:      eino_arrival_druids_welcome, layout_loops_ring, serial_shops, shop
D:2:      layout_basic, hangedman_decor_points

Skill      XL: |  1  2  3 |
---------------+----------+-----
Ranged Weapons | 6 |  6.0
Fighting       | 1 2 |  2.1
Axes           | |  1.2
Dodging        | |  1.1
Stealth        | |  1.0
Evocations     | |  2.4

Action                     || total
---------------------------++-------
   Fire: Sling             ||    67
 Armour: Leather armour    ||    17
  Dodge: Dodged            ||    10

Table legend: (Time is in decaauts)
 A = Elapsed time spent in this place.
 B = Non-inter-level travel time spent in this place.
 C = Inter-level travel time spent in this place.
 D = Time resting spent in this place.
 E = Time spent auto-exploring this place.
 F = Levels seen in this place.
 G = Mean time per level.
                   A        B        C        D        E       F      G
               +--------+--------+--------+--------+--------+-----+--------+
         Total |    833 |    814 |     19 |      0 |    694 |   2 |  416.5 |
       Dungeon |    833 |    814 |     19 |      0 |    694 |   2 |  416.5 |
               +--------+--------+--------+--------+--------+-----+--------+

Top non-repeatable levels by time:
     D:1: 440 daAuts
     D:2: 393 daAuts
